 Dungeon Crawl Stone Soup version 0.30-a0-134-gb40fab5c76 (webtiles) character file.

Game seed: 5922871431674067548

4 testman the Grave Robber (level 1, 0/13 HPs)
             Began as a Mummy Necromancer on Sept 19, 2022.
             Slain by a jackal (1 damage)
             ... on level 1 of the Dungeon.
             The game lasted 00:00:55 (68 turns).

testman the Grave Robber (Mummy Necromancer)          Turns: 68, Time: 00:00:56

Health: 0/13       AC:  2    Str: 11    XL:     1   Next: 50%
Magic:  1/4        EV: 12    Int: 14    God:
Gold:   15         SH:  0    Dex: 12    Spells: 4/5 levels left

rFire   x . .      SeeInvis .    c - +0 dagger
rCold   + . .      Faith    +    (no shield)
rNeg    + + +      Spirit   .    a - +0 robe
rPois   ∞          Reflect  .    (no helmet)
rElec   .          Harm     .    (no cloak)
rCorr   .          Rampage  .    (no gloves)
Will    .....                    (no boots)
Stlth   ++........               (no amulet)
HPRegen 0.04/turn                (no ring)
MPRegen 0.09/turn                (no ring)

@: no status effects
A: cold resistance 1, negative energy resistance 3, torment resistance 2, heat
vulnerability 1, no potions, faith
a: no special abilities


You were on level 1 of the Dungeon.
You visited 1 branch of the dungeon, and saw 1 of its levels.

You collected 15 gold pieces.

Inventory:

Hand Weapons
 c - a +0 dagger (weapon)
Armour
 a - a +0 robe (worn)
Scrolls
 b - a scroll of identify {unknown}


   Skills:
 - Level 1.5 Dodging
 - Level 1.5 Stealth
 + Level 2.9 Spellcasting
 + Level 4.1 Necromancy


You had 4 spell levels left.
You knew the following spells:

 Your Spells              Type           Power      Damage    Failure   Level
a - Necrotise             Necr           52%        1d6       4%          1

Your spell library contained the following spells:

 Spells                   Type           Power      Damage    Failure   Level
 Vampiric Draining        Necr           13%        2d6       12%         3
 Animate Dead             Necr           13%        N/A       36%         4
 Agony                    Necr           13%        N/A       73%         5


Dungeon Overview and Level Annotations

Branches:
Dungeon (1/15)

Altars:


Innate Abilities, Weirdness & Mutations

You are immune to poison.
Your flesh is cold resistant. (rC+)
You are immune to negative energy. (rN+++)
You are immune to unholy pain and torment.
You are vulnerable to heat. (rF-)
You do not drink.
You have a special connection with the divine. (Faith)


Message History

Your goblin skeleton is destroyed!
Aiming: Necrotise (safe; 4% risk of failure)
Press: ? - help, Q - select action Shift-Dir - straight line, f - jackal
Aim: a jackal (chance to affect: 83%)
The jackal writhes in agony.
A jackal comes into view.
The jackal barely misses you. The jackal closely misses you.
The jackal attacks as you move away! The jackal barely misses you.
You hit the jackal.
The jackal is severely wounded.
The jackal bites you. x2
You hit the jackal but do no damage.
The jackal is severely wounded.
The jackal closely misses you. x2
Unknown command.
You barely miss the jackal.
The jackal is severely wounded.
The jackal completely misses you. The jackal bites you.
You closely miss the jackal.
The jackal is severely wounded.
The jackal misses you.
The jackal bites you but does no damage.
The jackal bites you.
You miss the jackal.
The jackal is severely wounded.
The jackal bites you but does no damage.
The jackal bites you.
* * * LOW HITPOINT WARNING * * *
You hit the jackal but do no damage.
The jackal is severely wounded.
The jackal bites you.
* * * LOW HITPOINT WARNING * * *
The jackal bites you but does no damage.
The jackal closely misses you. x3; The jackal misses you.
You barely miss the jackal.
The jackal is severely wounded.
The jackal barely misses you.
The jackal bites you but does no damage.
The jackal bites you.
You die...

..........#
..........#
..........#
..........# .#
.......h# ...
.!. ..# ....
#h##.###..##
#h@hh......#
####.......#
#####.......#
#......!.....
#...##....#..
###...####....#
#.......# .....
#§§...≈.# ..#.#
#.≈§.§≈§# ...#


You could see 4 jackals.

Vanquished Creatures
  An endoplasm (D:1)
  A giant cockroach (D:1)
  A goblin (D:1)
3 creatures vanquished.

Notes
Turn   | Place    | Note
-------+----------+-------------------------------------------
     0 | D:1      | testman the Mummy Necromancer began the quest for the Orb.
     0 | D:1      | Reached XP level 1. HP: 13/13 MP: 4/4
    68 | D:1      | Slain by a jackal

Illustrated notes

Levels and vault maps discovered:
D:1:      dreamdust_arrival_sigmund_warning, layout_rooms,
          dreamdust_ecumenical_altar_grove, serial_shops, nicolae_shop_crystal,
          st_stairs_9

Action                   || total
-------------------------++-------
Melee: Dagger            ||     7
 Cast: Necrotise         ||     7
Armor: Robe              ||     4
Dodge: Dodged            ||    12

Table legend: (Time is in decaauts)
 A = Elapsed time spent in this place.
 B = Non-inter-level travel time spent in this place.
 C = Inter-level travel time spent in this place.
 D = Time resting spent in this place.
 E = Time spent auto-exploring this place.
 F = Levels seen in this place.
 G = Mean time per level.
                   A        B        C        D        E       F      G
               +--------+--------+--------+--------+--------+-----+--------+
         Total |     67 |     67 |      0 |      2 |     33 |   1 |   67.0 |
       Dungeon |     67 |     67 |      0 |      2 |     33 |   1 |   67.0 |
               +--------+--------+--------+--------+--------+-----+--------+

Top non-repeatable levels by time:
     D:1: 67 daAuts
